WCHLSIM.com - West Coast Hockey League
html PUBLIC "-//W3C//DTD XHTML 1.0 Transitional//EN" "http://www.w3.org/TR/xhtml1/DTD/xhtml1-transitional.dtd"> WCHL - Game 923 - COLORADO GLACIERCATS vs VICTORIA GLADIATORS

COLORADO GLACIERCATS vs VICTORIA GLADIATORS

Created - 29 février 2024 at 19:51

Goals
1 2 3 T
COLORADO GLACIERCATS 2 1 1 4
VICTORIA GLADIATORS 0 0 1 1
Shots
1 2 3 T
COLORADO GLACIERCATS 17 11 10 38
VICTORIA GLADIATORS 4 9 15 28

1st period

1. COLORADO GLACIERCATS , Tomas Hertl 19 (Leon Draisaitl 29) at 5:57
2. COLORADO GLACIERCATS , Vince Dunn 7 (Bryan Rust 35, Leon Draisaitl 30) at 8:06 (PP)

Penalties :
Frank Vatrano (VIC) for Roughing (Double Minor) at 7:16, Tyler Myers (VIC) for Tripping (Minor) at 14:17

2nd period

3. COLORADO GLACIERCATS , Leon Draisaitl 30 (Vladislav Gavrikov 11) at 13:36

Penalties :
Cole Smith (VIC) for Tripping (Minor) at 14:39, Tomas Hertl (COL) for Slashing (Minor) at 18:58

3rd period

4. COLORADO GLACIERCATS , Leon Draisaitl 31 (Tomas Hertl 40, Bryan Rust 36) at 4:17 (PP)
5. VICTORIA GLADIATORS , Brad Marchand 23 (Justin Faulk 19, Ivan Provorov 24) at 15:14

Penalties :
Barclay Goodrow (VIC) for Interference (Minor) at 1:01, Noel Acciari (VIC) for Interference (Minor) at 3:35, Bryan Rust (COL) for Hooking (Minor) at 5:39, Jamie Benn (COL) for Tripping (Minor) at 10:25

Goalie Stats

Andrei Vasilevskiy (COL), 27 saves from 28 shots - (0,964), W, 36-11-4, 60:00 minutes
Jake Oettinger (VIC), 34 saves from 38 shots - (0,895), L, 30-18-3, 60:00 minutes

Players Stats for COLORADO GLACIERCATS

Player Name              G  A  P  +/- PIM S  H  SB GA TA FO     MP     PP MP  PK MP  
------------------------------------------------------------------------------------
Alexander Wennberg       0  0  0   0  0   3  1  0  0  0  12/20  13:50   0:00   3:20 
Anze Kopitar             0  0  0  -1  0   1  1  0  0  0  14/25  22:31   3:54   2:37 
Bryan Rust               0  2  2   2  2   4  0  0  0  0  2/4    22:10   5:34   0:00 
Cole Perfetti            0  0  0   0  0   1  0  0  0  0  0/3    10:30   0:00   0:00 
Devon Toews              0  0  0   0  0   0  0  0  0  0  0/0    22:26   4:01   3:03 
Dylan Samberg            0  0  0   0  0   0  0  0  0  0  0/0     0:00   0:00   0:00 
Erik Karlsson            0  0  0   0  0   3  1  0  0  0  0/0    24:44   5:27   2:54 
Jamie Benn               0  0  0  -1  2   3  1  0  0  0  1/2    20:55   3:54   1:02 
Kevin Shattenkirk        0  0  0   0  0   1  0  1  0  0  0/0    16:08   4:01   0:00 
Leon Draisaitl           2  2  4   2  0   5  0  0  0  0  17/27  23:39   5:34   0:00 
Mario Ferraro            0  0  0   0  0   1  1  1  0  0  0/0    15:10   0:00   3:03 
Nic Dowd                 0  0  0   0  0   0  0  0  0  0  1/1     4:48   0:00   3:20 
Nino Niederreiter        0  0  0   0  0   0  0  0  0  0  0/0     1:28   0:00   0:00 
Tage Thompson            0  0  0  -1  0   7  2  0  0  0  2/2    19:54   3:54   0:00 
Tomas Hertl              1  1  2   2  2   5  0  0  0  0  0/1    23:45   5:34   1:35 
Trevor Moore             0  0  0   0  0   3  1  0  0  0  0/0    10:30   0:00   0:00 
Vince Dunn               1  0  1   1  0   1  1  1  0  0  0/0    22:33   5:27   0:00 
Vladislav Gavrikov       0  1  1   1  0   0  1  1  0  0  0/0    18:59   0:00   2:54 

Players Stats for VICTORIA GLADIATORS

Player Name              G  A  P  +/- PIM S  H  SB GA TA FO     MP     PP MP  PK MP  
------------------------------------------------------------------------------------
Adam Lowry               0  0  0   0  0   5  1  0  0  0  9/19   18:02   0:53   6:55 
Alex Iafallo             0  0  0   0  0   1  1  0  0  0  2/6    20:15   2:50   6:55 
Barclay Goodrow          0  0  0   0  2   0  1  0  0  0  3/6    13:12   0:26   2:33 
Brad Marchand            1  0  1   1  0   4  2  0  0  0  1/5    20:37   2:14   0:00 
Brandon Montour          0  0  0  -1  0   3  3  3  0  0  0/0    23:30   1:09   5:50 
Brock McGinn             0  0  0   0  0   0  0  0  0  0  0/0     5:04   0:00   0:42 
Cole Smith               0  0  0   0  2   2  1  0  0  0  0/0     7:11   2:50   0:00 
David Pastrnak           0  0  0   1  0   2  1  0  0  0  0/2    17:39   3:07   0:00 
Frank Vatrano            0  0  0  -2  4   3  1  1  0  0  0/3    18:55   3:29   0:00 
Ivan Provorov            0  1  1   0  0   4  0  0  0  0  0/0    22:13   4:22   1:05 
Jan Rutta                0  0  0   0  0   0  1  1  0  0  0/0    16:31   1:35   3:38 
Jason Zucker             0  0  0  -2  0   0  1  0  0  0  1/1    17:51   2:24   0:00 
Justin Faulk             0  1  1   0  0   0  1  2  0  0  0/0    17:12   0:26   0:00 
Justin Holl              0  0  0   0  0   1  0  3  0  0  0/0    15:49   0:53   3:38 
Mark Scheifele           0  0  0   1  0   2  0  1  0  0  12/23  17:39   3:07   0:00 
Mikael Granlund          0  0  0  -2  0   1  0  0  0  0  6/11   11:20   0:00   0:00 
Noel Acciari             0  0  0   0  2   0  0  0  0  0  2/9     6:12   0:00   1:51 
Tyler Myers              0  0  0  -1  2   0  2  0  0  0  0/0    21:15   0:00   4:45 

3 Stars

1 - Leon Draisaitl (COL)
2 - Tomas Hertl (COL)
3 - Andrei Vasilevskiy (COL)

Power Play

COLORADO GLACIERCATS - 2 on 6 Attempt(s) - 33,33%
VICTORIA GLADIATORS - 0 on 3 Attempt(s) - 0,00%

Penalty Kill

COLORADO GLACIERCATS - 3 on 3 Attempt(s) - 100,00% - Score 0 goal in Penalty Kill
VICTORIA GLADIATORS - 4 on 6 Attempt(s) - 66,67% - Score 0 goal in Penalty Kill

Team Stat

COLORADO GLACIERCATS - Hits : 10 - Faceoff Wins : 49 - Blocked Shots : 4 - Penalty Minutes : 6
VICTORIA GLADIATORS - Hits : 16 - Faceoff Wins : 36 - Blocked Shots : 11 - Penalty Minutes : 12

Official

Referees : Marc Joannette and Mike Duco
Linesman : Brent Colby and Shaun Morgan

Game Notes

Mikael Granlund is injured at 17:53 of 2nd period (Lacerated Right Calf)

Finance

Level 1 -- Attendance: 4314 (68,48%) -- Ticket Income 841 230 $
Level 2 -- Attendance: 3390 (63,96%) -- Ticket Income 559 350 $
Level 3 -- Attendance: 1565 (71,14%) -- Ticket Income 187 800 $
Level 4 -- Attendance: 3145 (74,88%) -- Ticket Income 267 325 $
Luxury Box -- Attendance: 735 (73,50%) -- Ticket Income 238 875 $
Game was played at the Verizon Center.
Total Attendance: 13149 (69,21%)
Total Ticket Income: 2 094 580 $
Other Expense: 20 946 $
Total Income: 2 073 634 $

COLORADO GLACIERCATS

5 vs 5 Forward 
   Center                   Left Wing                Right Wing               Time % Phy DF OF 
 1 Anze Kopitar             Jamie Benn               Tage Thompson            35     0   1  4  
 2 Leon Draisaitl           Tomas Hertl              Bryan Rust               35     0   1  4  
 3 Alexander Wennberg       Cole Perfetti            Trevor Moore             25     0   2  3  
 4 Nic Dowd                 Nino Niederreiter        Leon Draisaitl           5      0   3  2  

5 vs 5 Defense 
   Defense                  Defense                                           Time % Phy DF OF 
 1 Erik Karlsson            Devon Toews                                       37     0   1  4  
 2 Vladislav Gavrikov       Vince Dunn                                        35     0   2  3  
 3 Mario Ferraro            Kevin Shattenkirk                                 23     0   3  2  
 4 Erik Karlsson            Vince Dunn                                        5      0   1  4  

PowerPlay Forward 
   Center                   Left Wing                Right Wing               Time % Phy DF OF 
 1 Leon Draisaitl           Tomas Hertl              Bryan Rust               50     1   0  4  
 2 Anze Kopitar             Jamie Benn               Tage Thompson            50     1   0  4  

PowerPlay Defense
   Defense                  Defense                                           Time % Phy DF OF 
 1 Erik Karlsson            Vince Dunn                                        55     0   0  5  
 2 Devon Toews              Kevin Shattenkirk                                 45     0   1  4  

Penalty Kill 4 Players Forward 
   Center                   Wing                     Time % Phy DF OF 
 1 Alexander Wennberg       Nic Dowd                 50     0   5  0  
 2 Anze Kopitar             Tomas Hertl              50     0   5  0  

Penalty Kill 4 Players Defense
   Defense                  Defense                  Time % Phy DF OF 
 1 Vladislav Gavrikov       Erik Karlsson            50     0   5  0  
 2 Devon Toews              Mario Ferraro            50     0   5  0  

Penalty Kill - 3 Players Forward 
   Forward                                           Time % Phy DF OF 
 1 Tomas Hertl                                       50     0   5  0  
 2 Alexander Wennberg                                50     0   5  0  

Penalty Kill - 3 Players Defense
   Defense                  Defense                  Time % Phy DF OF 
 1 Vladislav Gavrikov       Erik Karlsson            50     0   5  0  
 2 Devon Toews              Mario Ferraro            50     0   5  0  

4 vs 4 Forward 
   Center                   Wing                     Time % Phy DF OF 
 1 Anze Kopitar             Tage Thompson            50     0   1  4  
 2 Leon Draisaitl           Tomas Hertl              50     0   1  4  

4 vs 4 Defense
   Defense                  Defense                  Time % Phy DF OF 
 1 Erik Karlsson            Vladislav Gavrikov       45     0   2  3  
 2 Devon Toews              Vince Dunn               55     0   2  3  

Last Minutes Offensive
   Center                   Left Wing                Right Wing               Defense                  Defense                  
   Anze Kopitar             Jamie Benn               Leon Draisaitl           Vince Dunn               Erik Karlsson            

Last Minutes Defensive
   Center                   Left Wing                Right Wing               Defense                  Defense                  
   Alexander Wennberg       Tomas Hertl              Leon Draisaitl           Devon Toews              Vladislav Gavrikov       

Goaltenders
Starting : Andrei Vasilevskiy       
Backup : Pheonix Copley           

Extra Forwards
Normal : Anze Kopitar, Tomas Hertl, Leon Draisaitl - PP : Trevor Moore, Alexander Wennberg - PK : Jamie Benn
Extra Defensemen
Normal : Vladislav Gavrikov, Mario Ferraro, Dylan Samberg - PP : Vladislav Gavrikov - PK : Vince Dunn, Kevin Shattenkirk
Penalty Shots
Tage Thompson, Leon Draisaitl, Erik Karlsson, Anze Kopitar, Tomas Hertl
Custom OT Lines Forwards
Leon Draisaitl, Anze Kopitar, Tomas Hertl, Tage Thompson, Jamie Benn, Bryan Rust, Trevor Moore, Alexander Wennberg, Nino Niederreiter, Cole Perfetti
Custom OT Lines Defensemen
Erik Karlsson, Devon Toews, Vince Dunn, Vladislav Gavrikov, Mario Ferraro

Scratches
None

VICTORIA GLADIATORS

5 vs 5 Forward 
   Center                   Left Wing                Right Wing               Time % Phy DF OF 
 1 Mark Scheifele           Brad Marchand            David Pastrnak           36     0   2  3  
 2 Mikael Granlund          Frank Vatrano            Jason Zucker             34     1   2  2  
 3 Adam Lowry               Alex Iafallo             Barclay Goodrow          25     1   2  2  
 4 Noel Acciari             Cole Smith               Brock McGinn             5      0   3  2  

5 vs 5 Defense 
   Defense                  Defense                                           Time % Phy DF OF 
 1 Ivan Provorov            Justin Faulk                                      40     1   2  2  
 2 Brandon Montour          Tyler Myers                                       35     1   2  2  
 3 Justin Holl              Jan Rutta                                         25     1   2  2  
 4 Brandon Montour          Justin Faulk                                      0      1   2  2  

PowerPlay Forward 
   Center                   Left Wing                Right Wing               Time % Phy DF OF 
 1 Mark Scheifele           Brad Marchand            David Pastrnak           60     1   0  4  
 2 Mikael Granlund          Cole Smith               Jason Zucker             40     1   0  4  

PowerPlay Defense
   Defense                  Defense                                           Time % Phy DF OF 
 1 Ivan Provorov            Frank Vatrano                                     60     0   1  4  
 2 Brandon Montour          Jan Rutta                                         40     0   1  4  

Penalty Kill 4 Players Forward 
   Center                   Wing                     Time % Phy DF OF 
 1 Adam Lowry               Alex Iafallo             60     1   2  2  
 2 Noel Acciari             Barclay Goodrow          40     1   2  2  

Penalty Kill 4 Players Defense
   Defense                  Defense                  Time % Phy DF OF 
 1 Brandon Montour          Tyler Myers              60     1   2  2  
 2 Justin Holl              Jan Rutta                40     1   2  2  

Penalty Kill - 3 Players Forward 
   Forward                                           Time % Phy DF OF 
 1 Noel Acciari                                      55     0   5  0  
 2 Adam Lowry                                        45     0   5  0  

Penalty Kill - 3 Players Defense
   Defense                  Defense                  Time % Phy DF OF 
 1 Brandon Montour          Tyler Myers              55     0   5  0  
 2 Ivan Provorov            Justin Faulk             45     0   5  0  

4 vs 4 Forward 
   Center                   Wing                     Time % Phy DF OF 
 1 Mikael Granlund          David Pastrnak           52     1   2  2  
 2 Mark Scheifele           Frank Vatrano            48     1   2  2  

4 vs 4 Defense
   Defense                  Defense                  Time % Phy DF OF 
 1 Justin Holl              Jan Rutta                52     1   2  2  
 2 Ivan Provorov            Justin Faulk             48     1   2  2  

Last Minutes Offensive
   Center                   Left Wing                Right Wing               Defense                  Defense                  
   Mark Scheifele           Brad Marchand            David Pastrnak           Ivan Provorov            Justin Faulk             

Last Minutes Defensive
   Center                   Left Wing                Right Wing               Defense                  Defense                  
   Noel Acciari             Alex Iafallo             Barclay Goodrow          Justin Holl              Jan Rutta                

Goaltenders
Starting : Jake Oettinger           
Backup : Charlie Lindgren         

Extra Forwards
Normal : Frank Vatrano, Brad Marchand, Jason Zucker - PP : Alex Iafallo, Adam Lowry - PK : Brock McGinn
Extra Defensemen
Normal : Justin Holl, Jan Rutta, Tyler Myers - PP : Justin Holl - PK : Ivan Provorov, Tyler Myers
Penalty Shots
Mikael Granlund, Mark Scheifele, David Pastrnak, Brad Marchand, Frank Vatrano
Custom OT Lines Forwards
Mikael Granlund, Mark Scheifele, David Pastrnak, Brad Marchand, Frank Vatrano, Adam Lowry, Alex Iafallo, Jason Zucker, Barclay Goodrow, Noel Acciari
Custom OT Lines Defensemen
Brandon Montour, Justin Faulk, Ivan Provorov, Tyler Myers, Justin Holl

Scratches
Mason Appleton (Left Eye Injury), Niko Mikkola (Healthy)

% Time on Ice - COLORADO GLACIERCATS

Lines # - Real PCT - Wanted PCT - Time Play
Normal Forward
1 - 36% - 35% - 16:00
2 - 37% - 35% - 16:37
3 - 24% - 25% - 10:30
4 - 3% - 5% - 1:28
Normal Defense
1 - 34% - 37% - 15:22
2 - 36% - 35% - 16:05
3 - 27% - 23% - 12:07
4 - 2% - 5% - 1:01
PP Forward
1 - 59% - 50% - 5:34
2 - 41% - 50% - 3:54
PP Defense
1 - 58% - 55% - 5:27
2 - 42% - 45% - 4:01
PK Forward
1 - 56% - 50% - 3:20
2 - 44% - 50% - 2:37
PK Defense
1 - 49% - 50% - 2:54
2 - 51% - 50% - 3:03
PK3 Forward
1 - 0% - 50%
2 - 0% - 50%
PK3 Defense
1 - 0% - 50%
2 - 0% - 50%
44 Forward
1 - 0% - 50%
2 - 0% - 50%
44 Defense
1 - 0% - 45%
2 - 0% - 55%
Last Minute Offensive  - 0:00
Last Minute Defensive  - 0:00
Total
Forward - 60:00
Defense - 60:00

% Time on Ice - VICTORIA GLADIATORS

Lines # - Real PCT - Wanted PCT - Time Play
Normal Forward
1 - 33% - 36% - 14:32
2 - 35% - 34% - 15:27
3 - 23% - 25% - 10:14
4 - 10% - 5% - 4:22
Normal Defense
1 - 38% - 40% - 16:46
2 - 37% - 35% - 16:31
3 - 25% - 25% - 11:18
4 - 0% - 0% - 0:00
PP Forward
1 - 52% - 60% - 3:07
2 - 48% - 40% - 2:50
PP Defense
1 - 73% - 60% - 4:22
2 - 27% - 40% - 1:35
PK Forward
1 - 73% - 60% - 6:55
2 - 27% - 40% - 2:33
PK Defense
1 - 62% - 60% - 5:50
2 - 38% - 40% - 3:38
PK3 Forward
1 - 0% - 55%
2 - 0% - 45%
PK3 Defense
1 - 0% - 55%
2 - 0% - 45%
44 Forward
1 - 0% - 52%
2 - 0% - 48%
44 Defense
1 - 0% - 52%
2 - 0% - 48%
Last Minute Offensive  - 0:00
Last Minute Defensive  - 0:00
Total
Forward - 60:00
Defense - 60:00

Play-by-Play

1st period


0:01 of 1st period - Mark Scheifele wins face-off versus Anze Kopitar in neutral zone.
0:19 of 1st period - Shot by Tage Thompson.
0:19 of 1st period - Shot Blocked by Mark Scheifele.
0:31 of 1st period - Shot by Brad Marchand.
0:31 of 1st period - Stopped by Andrei Vasilevskiy without a rebound.
0:32 of 1st period - Mikael Granlund wins face-off versus Leon Draisaitl in COLORADO GLACIERCATS zone.
0:44 of 1st period - Bryan Rust is hit by Brandon Montour and loses puck.
1:12 of 1st period - Shot by Mikael Granlund.
1:12 of 1st period - Shot Misses the Net.
1:14 of 1st period - Shot by Frank Vatrano.
1:14 of 1st period - Shot Blocked by Vladislav Gavrikov.
1:58 of 1st period - Shot by Adam Lowry.
1:58 of 1st period - Stopped by Andrei Vasilevskiy without a rebound.
1:59 of 1st period - Mark Scheifele wins face-off versus Alexander Wennberg in COLORADO GLACIERCATS zone.
2:23 of 1st period - Shot by David Pastrnak.
2:23 of 1st period - Shot Misses the Net.
2:48 of 1st period - Icing by Mario Ferraro.
2:49 of 1st period - Alexander Wennberg wins face-off versus Noel Acciari in COLORADO GLACIERCATS zone.
3:22 of 1st period - Shot by Anze Kopitar.
3:22 of 1st period - Shot Blocked by Justin Holl.
3:51 of 1st period - Shot by Frank Vatrano.
3:51 of 1st period - Stopped by Andrei Vasilevskiy with a rebound.
5:14 of 1st period - Shot by Leon Draisaitl.
5:14 of 1st period - Stopped by Jake Oettinger without a rebound.
5:15 of 1st period - Mark Scheifele wins face-off versus Cole Perfetti in VICTORIA GLADIATORS zone.
5:34 of 1st period - Shot by Trevor Moore.
5:34 of 1st period - Stopped by Jake Oettinger without a rebound.
5:35 of 1st period - Mikael Granlund wins face-off versus Tomas Hertl in VICTORIA GLADIATORS zone.
5:57 of 1st period - Shot by Tomas Hertl.
5:57 of 1st period - Goal by Tomas Hertl - COLORADO GLACIERCATS : 1 - VICTORIA GLADIATORS : 0.
5:58 of 1st period - Alexander Wennberg wins face-off versus David Pastrnak in neutral zone.
6:14 of 1st period - Shot by Alexander Wennberg.
6:14 of 1st period - Shot Misses the Net.
6:16 of 1st period - Shot by Cole Perfetti.
6:16 of 1st period - Shot Misses the Net.
6:18 of 1st period - Shot by Alexander Wennberg.
6:18 of 1st period - Stopped by Jake Oettinger without a rebound.
6:19 of 1st period - Leon Draisaitl wins face-off versus Adam Lowry in VICTORIA GLADIATORS zone.
6:22 of 1st period - Shot by Tomas Hertl.
6:22 of 1st period - Stopped by Jake Oettinger without a rebound.
6:23 of 1st period - Leon Draisaitl wins face-off versus Mark Scheifele in VICTORIA GLADIATORS zone.
6:52 of 1st period - Shot by Tomas Hertl.
6:52 of 1st period - Stopped by Jake Oettinger without a rebound.
6:53 of 1st period - Tage Thompson wins face-off versus Adam Lowry in VICTORIA GLADIATORS zone.
7:01 of 1st period - Shot by Anze Kopitar.
7:01 of 1st period - Shot Blocked by Justin Faulk.
7:03 of 1st period - Shot by Mario Ferraro.
7:03 of 1st period - Stopped by Jake Oettinger without a rebound.
7:04 of 1st period - Mikael Granlund wins face-off versus Alexander Wennberg in VICTORIA GLADIATORS zone.
7:16 of 1st period - Double Minor Penalty to Frank Vatrano for Roughing.
7:17 of 1st period - Adam Lowry wins face-off versus Leon Draisaitl in VICTORIA GLADIATORS zone.
7:29 of 1st period - Icing by Erik Karlsson.
7:30 of 1st period - Adam Lowry wins face-off versus Leon Draisaitl in COLORADO GLACIERCATS zone.
8:04 of 1st period - Shot by Bryan Rust.
8:04 of 1st period - Shot Misses the Net.
8:06 of 1st period - Shot by Vince Dunn.
8:06 of 1st period - Goal by Vince Dunn - COLORADO GLACIERCATS : 2 - VICTORIA GLADIATORS : 0.
8:07 of 1st period - Barclay Goodrow wins face-off versus Anze Kopitar in neutral zone.
8:27 of 1st period - Shot by Devon Toews.
8:27 of 1st period - Shot Misses the Net.
8:29 of 1st period - Shot by Jamie Benn.
8:29 of 1st period - Shot Misses the Net.
8:31 of 1st period - Shot by Jamie Benn.
8:31 of 1st period - Shot Misses the Net.
9:13 of 1st period - Shot by Erik Karlsson.
9:13 of 1st period - Stopped by Jake Oettinger with a rebound.
9:15 of 1st period - Shot by Bryan Rust.
9:15 of 1st period - Stopped by Jake Oettinger without a rebound.
9:16 of 1st period - Leon Draisaitl wins face-off versus Barclay Goodrow in VICTORIA GLADIATORS zone.
9:28 of 1st period - Icing by Bryan Rust.
9:29 of 1st period - Leon Draisaitl wins face-off versus Adam Lowry in COLORADO GLACIERCATS zone.
9:31 of 1st period - Icing by Erik Karlsson.
9:32 of 1st period - Bryan Rust wins face-off versus Adam Lowry in COLORADO GLACIERCATS zone.
10:01 of 1st period - Shot by Bryan Rust.
10:01 of 1st period - Stopped by Jake Oettinger with a rebound.
10:20 of 1st period - Shot by Trevor Moore.
10:20 of 1st period - Stopped by Jake Oettinger with a rebound.
12:00 of 1st period - Icing by Jan Rutta.
12:01 of 1st period - Bryan Rust wins face-off versus Mikael Granlund in VICTORIA GLADIATORS zone.
12:26 of 1st period - Shot by Leon Draisaitl.
12:26 of 1st period - Stopped by Jake Oettinger without a rebound.
12:27 of 1st period - Alexander Wennberg wins face-off versus Adam Lowry in VICTORIA GLADIATORS zone.
12:51 of 1st period - Off-side.
12:52 of 1st period - Mark Scheifele wins face-off versus Leon Draisaitl in neutral zone.
13:46 of 1st period - Off-side.
13:47 of 1st period - Anze Kopitar wins face-off versus Adam Lowry in neutral zone.
13:47 of 1st period - Anze Kopitar is hit by Barclay Goodrow.
13:54 of 1st period - Anze Kopitar is hit by Brandon Montour and loses puck.
14:02 of 1st period - Tage Thompson is hit by Tyler Myers.
14:17 of 1st period - Minor Penalty to Tyler Myers for Tripping.
14:18 of 1st period - Adam Lowry wins face-off versus Leon Draisaitl in VICTORIA GLADIATORS zone.
14:33 of 1st period - Shot by Bryan Rust.
14:33 of 1st period - Stopped by Jake Oettinger without a rebound.
14:34 of 1st period - Anze Kopitar wins face-off versus Noel Acciari in VICTORIA GLADIATORS zone.
14:41 of 1st period - Shot by Tage Thompson.
14:41 of 1st period - Stopped by Jake Oettinger with a rebound.
14:43 of 1st period - Shot by Erik Karlsson.
14:43 of 1st period - Deflect By Tage Thompson.
14:43 of 1st period - Stopped by Jake Oettinger without a rebound.
14:44 of 1st period - Adam Lowry wins face-off versus Anze Kopitar in VICTORIA GLADIATORS zone.
14:44 of 1st period - Adam Lowry is hit by Tage Thompson.
14:54 of 1st period - Alex Iafallo is hit by Tage Thompson and loses puck.
15:03 of 1st period - Shot by Erik Karlsson.
15:03 of 1st period - Shot Blocked by Brandon Montour.
15:19 of 1st period - Shot by Tage Thompson.
15:19 of 1st period - Stopped by Jake Oettinger without a rebound.
15:20 of 1st period - Barclay Goodrow wins face-off versus Leon Draisaitl in VICTORIA GLADIATORS zone.
16:35 of 1st period - Frank Vatrano is hit by Vince Dunn and loses puck.
17:01 of 1st period - Shot by Vince Dunn.
17:01 of 1st period - Shot Blocked by Brandon Montour.
17:03 of 1st period - Shot by Vince Dunn.
17:03 of 1st period - Shot Misses the Net.
17:12 of 1st period - Icing by Brandon Montour.
17:13 of 1st period - Mikael Granlund wins face-off versus Anze Kopitar in VICTORIA GLADIATORS zone.
17:13 of 1st period - Mikael Granlund is hit by Anze Kopitar.
18:24 of 1st period - Leon Draisaitl is hit by Justin Faulk and loses puck.
19:15 of 1st period - Jan Rutta is hit by Alexander Wennberg and loses puck.
19:28 of 1st period - Shot by Adam Lowry.
19:28 of 1st period - Stopped by Andrei Vasilevskiy without a rebound.
19:29 of 1st period - Leon Draisaitl wins face-off versus Mikael Granlund in COLORADO GLACIERCATS zone.
19:41 of 1st period - Leon Draisaitl is hit by Tyler Myers and loses puck.
Goals for this period are 2 for COLORADO GLACIERCATS vs 0 for VICTORIA GLADIATORS.
Shots for this period are 17 for COLORADO GLACIERCATS vs 4 for VICTORIA GLADIATORS.

2nd period


0:01 of 2nd period - Barclay Goodrow wins face-off versus Leon Draisaitl in neutral zone.
0:05 of 2nd period - Off-side.
0:06 of 2nd period - Adam Lowry wins face-off versus Bryan Rust in neutral zone.
0:14 of 2nd period - Off-side.
0:15 of 2nd period - Anze Kopitar wins face-off versus Mikael Granlund in neutral zone.
0:28 of 2nd period - Shot by Tage Thompson.
0:28 of 2nd period - Stopped by Jake Oettinger without a rebound.
0:29 of 2nd period - Leon Draisaitl wins face-off versus Adam Lowry in VICTORIA GLADIATORS zone.
0:32 of 2nd period - Shot by Bryan Rust.
0:32 of 2nd period - Deflect By Leon Draisaitl.
0:32 of 2nd period - Shot Misses the Net.
0:39 of 2nd period - Brandon Montour is hit by Vladislav Gavrikov and loses puck.
0:50 of 2nd period - Shot by Barclay Goodrow.
0:50 of 2nd period - Shot Hit the Post.
1:12 of 2nd period - Shot by Alex Iafallo.
1:12 of 2nd period - Shot Misses the Net.
1:48 of 2nd period - Shot by Frank Vatrano.
1:48 of 2nd period - Deflect By Mikael Granlund.
1:48 of 2nd period - Shot Blocked by Vince Dunn.
3:05 of 2nd period - Icing by Tomas Hertl.
3:06 of 2nd period - Leon Draisaitl wins face-off versus Alex Iafallo in COLORADO GLACIERCATS zone.
3:06 of 2nd period - Bryan Rust is hit by Adam Lowry and loses puck.
3:22 of 2nd period - Bryan Rust is hit by Alex Iafallo and loses puck.
3:41 of 2nd period - Shot by Adam Lowry.
3:41 of 2nd period - Stopped by Andrei Vasilevskiy with a rebound.
3:43 of 2nd period - Shot by Brandon Montour.
3:43 of 2nd period - Deflect By Adam Lowry.
3:43 of 2nd period - Stopped by Andrei Vasilevskiy with a rebound.
3:45 of 2nd period - Shot by Alex Iafallo.
3:45 of 2nd period - Shot Misses the Net.
3:47 of 2nd period - Shot by Adam Lowry.
3:47 of 2nd period - Shot Misses the Net.
4:05 of 2nd period - Shot by Frank Vatrano.
4:05 of 2nd period - Stopped by Andrei Vasilevskiy without a rebound.
4:06 of 2nd period - Mark Scheifele wins face-off versus Anze Kopitar in COLORADO GLACIERCATS zone.
4:19 of 2nd period - Shot by Jamie Benn.
4:19 of 2nd period - Shot Misses the Net.
4:31 of 2nd period - Anze Kopitar is hit by Brad Marchand.
4:37 of 2nd period - Shot by Jamie Benn.
4:37 of 2nd period - Stopped by Jake Oettinger without a rebound.
4:38 of 2nd period - Jason Zucker wins face-off versus Cole Perfetti in VICTORIA GLADIATORS zone.
5:59 of 2nd period - Shot by Jamie Benn.
5:59 of 2nd period - Shot Misses the Net.
6:01 of 2nd period - Shot by Anze Kopitar.
6:01 of 2nd period - Stopped by Jake Oettinger without a rebound.
6:02 of 2nd period - Anze Kopitar wins face-off versus Adam Lowry in VICTORIA GLADIATORS zone.
6:07 of 2nd period - Shot by Jamie Benn.
6:07 of 2nd period - Deflect By Tage Thompson.
6:07 of 2nd period - Stopped by Jake Oettinger with a rebound.
6:44 of 2nd period - Icing by Tyler Myers.
6:45 of 2nd period - Adam Lowry wins face-off versus Alexander Wennberg in VICTORIA GLADIATORS zone.
7:00 of 2nd period - Shot by Alexander Wennberg.
7:00 of 2nd period - Stopped by Jake Oettinger without a rebound.
7:01 of 2nd period - Alexander Wennberg wins face-off versus Mark Scheifele in VICTORIA GLADIATORS zone.
7:17 of 2nd period - Icing by Ivan Provorov.
7:18 of 2nd period - Anze Kopitar wins face-off versus David Pastrnak in VICTORIA GLADIATORS zone.
7:35 of 2nd period - Shot by David Pastrnak.
7:35 of 2nd period - Shot Misses the Net.
8:18 of 2nd period - Icing by Ivan Provorov.
8:19 of 2nd period - Leon Draisaitl wins face-off versus Mark Scheifele in VICTORIA GLADIATORS zone.
9:41 of 2nd period - Alexander Wennberg is hit by Jan Rutta and loses puck.
10:05 of 2nd period - Shot by Alexander Wennberg.
10:05 of 2nd period - Stopped by Jake Oettinger without a rebound.
10:06 of 2nd period - Anze Kopitar wins face-off versus Noel Acciari in VICTORIA GLADIATORS zone.
10:19 of 2nd period - Shot by Jamie Benn.
10:19 of 2nd period - Stopped by Jake Oettinger with a rebound.
10:41 of 2nd period - Off-side.
10:42 of 2nd period - Mark Scheifele wins face-off versus Alexander Wennberg in neutral zone.
10:49 of 2nd period - Shot by Brad Marchand.
10:49 of 2nd period - Deflect By Mark Scheifele.
10:49 of 2nd period - Stopped by Andrei Vasilevskiy without a rebound.
10:50 of 2nd period - Leon Draisaitl wins face-off versus Frank Vatrano in COLORADO GLACIERCATS zone.
11:25 of 2nd period - Shot by Mikael Granlund.
11:25 of 2nd period - Stopped by Andrei Vasilevskiy without a rebound.
11:26 of 2nd period - Mark Scheifele wins face-off versus Jamie Benn in COLORADO GLACIERCATS zone.
11:53 of 2nd period - Mark Scheifele is hit by Jamie Benn and loses puck.
11:59 of 2nd period - Icing by Tyler Myers.
12:00 of 2nd period - Mark Scheifele wins face-off versus Cole Perfetti in VICTORIA GLADIATORS zone.
12:15 of 2nd period - Shot by Mark Scheifele.
12:15 of 2nd period - Shot Misses the Net.
12:17 of 2nd period - Shot by Mark Scheifele.
12:17 of 2nd period - Stopped by Andrei Vasilevskiy without a rebound.
12:18 of 2nd period - Leon Draisaitl wins face-off versus Frank Vatrano in COLORADO GLACIERCATS zone.
12:25 of 2nd period - Shot by Bryan Rust.
12:25 of 2nd period - Stopped by Jake Oettinger without a rebound.
12:26 of 2nd period - Anze Kopitar wins face-off versus Mikael Granlund in VICTORIA GLADIATORS zone.
12:32 of 2nd period - Icing by Ivan Provorov.
12:33 of 2nd period - Mikael Granlund wins face-off versus Anze Kopitar in VICTORIA GLADIATORS zone.
13:36 of 2nd period - Shot by Leon Draisaitl.
13:36 of 2nd period - Goal by Leon Draisaitl - COLORADO GLACIERCATS : 3 - VICTORIA GLADIATORS : 0.
13:37 of 2nd period - Adam Lowry wins face-off versus Leon Draisaitl in neutral zone.
13:44 of 2nd period - Shot by Barclay Goodrow.
13:44 of 2nd period - Shot Misses the Net.
13:54 of 2nd period - Shot by Bryan Rust.
13:54 of 2nd period - Shot Misses the Net.
14:35 of 2nd period - Shot by David Pastrnak.
14:35 of 2nd period - Stopped by Andrei Vasilevskiy without a rebound.
14:36 of 2nd period - Alexander Wennberg wins face-off versus Noel Acciari in COLORADO GLACIERCATS zone.
14:36 of 2nd period - Alexander Wennberg is hit by Cole Smith.
14:39 of 2nd period - Minor Penalty to Cole Smith for Tripping.
14:40 of 2nd period - Adam Lowry wins face-off versus Anze Kopitar in VICTORIA GLADIATORS zone.
15:15 of 2nd period - Shot by Erik Karlsson.
15:15 of 2nd period - Stopped by Jake Oettinger without a rebound.
15:16 of 2nd period - Adam Lowry wins face-off versus Leon Draisaitl in VICTORIA GLADIATORS zone.
15:45 of 2nd period - Shot by Devon Toews.
15:45 of 2nd period - Shot Misses the Net.
16:55 of 2nd period - Shot by Cole Perfetti.
16:55 of 2nd period - Stopped by Jake Oettinger without a rebound.
16:56 of 2nd period - Nic Dowd wins face-off versus Mikael Granlund in VICTORIA GLADIATORS zone.
17:20 of 2nd period - Icing by Justin Faulk.
17:21 of 2nd period - Mikael Granlund wins face-off versus Alexander Wennberg in VICTORIA GLADIATORS zone.
17:21 of 2nd period - Mikael Granlund is hit by Trevor Moore.
17:39 of 2nd period - Shot by Mikael Granlund.
17:39 of 2nd period - Shot Blocked by Kevin Shattenkirk.
17:52 of 2nd period - Mikael Granlund is hit by Mario Ferraro.
17:53 of 2nd period - Mikael Granlund from VICTORIA GLADIATORS is injured at 17:53 of 2nd period (Lacerated Right Calf).
17:54 of 2nd period - Anze Kopitar wins face-off versus Mark Scheifele in COLORADO GLACIERCATS zone.
17:54 of 2nd period - Anze Kopitar is hit by Brad Marchand.
18:58 of 2nd period - Minor Penalty to Tomas Hertl for Slashing.
18:59 of 2nd period - Alex Iafallo wins face-off versus Alexander Wennberg in COLORADO GLACIERCATS zone.
19:12 of 2nd period - Shot by Frank Vatrano.
19:12 of 2nd period - Stopped by Andrei Vasilevskiy without a rebound.
19:13 of 2nd period - Alex Iafallo wins face-off versus Alexander Wennberg in COLORADO GLACIERCATS zone.
19:32 of 2nd period - Shot by Alex Iafallo.
19:32 of 2nd period - Shot Blocked by Mario Ferraro.
19:34 of 2nd period - Shot by Ivan Provorov.
19:34 of 2nd period - Shot Misses the Net.
19:36 of 2nd period - Shot by Frank Vatrano.
19:36 of 2nd period - Shot Misses the Net.
19:38 of 2nd period - Shot by Alex Iafallo.
19:38 of 2nd period - Stopped by Andrei Vasilevskiy with a rebound.
Goals for this period are 1 for COLORADO GLACIERCATS vs 0 for VICTORIA GLADIATORS.
Shots for this period are 11 for COLORADO GLACIERCATS vs 9 for VICTORIA GLADIATORS.

3rd period


0:01 of 3rd period - Mark Scheifele wins face-off versus Anze Kopitar in neutral zone.
0:07 of 3rd period - Shot by Ivan Provorov.
0:07 of 3rd period - Stopped by Andrei Vasilevskiy with a rebound.
0:09 of 3rd period - Shot by Ivan Provorov.
0:09 of 3rd period - Stopped by Andrei Vasilevskiy without a rebound.
0:10 of 3rd period - Mark Scheifele wins face-off versus Anze Kopitar in COLORADO GLACIERCATS zone.
0:14 of 3rd period - David Pastrnak is hit by Erik Karlsson and loses puck.
1:01 of 3rd period - Minor Penalty to Barclay Goodrow for Interference.
1:02 of 3rd period - Leon Draisaitl wins face-off versus Alex Iafallo in VICTORIA GLADIATORS zone.
1:02 of 3rd period - Bryan Rust is hit by Brandon Montour and loses puck.
1:20 of 3rd period - Icing by Devon Toews.
1:21 of 3rd period - Leon Draisaitl wins face-off versus Adam Lowry in COLORADO GLACIERCATS zone.
2:01 of 3rd period - Shot by Devon Toews.
2:01 of 3rd period - Shot Misses the Net.
3:32 of 3rd period - Shot by Brad Marchand.
3:32 of 3rd period - Stopped by Andrei Vasilevskiy without a rebound.
3:33 of 3rd period - Noel Acciari wins face-off versus Bryan Rust in COLORADO GLACIERCATS zone.
3:35 of 3rd period - Minor Penalty to Noel Acciari for Interference.
3:36 of 3rd period - Leon Draisaitl wins face-off versus Barclay Goodrow in VICTORIA GLADIATORS zone.
3:37 of 3rd period - Shot by Erik Karlsson.
3:37 of 3rd period - Shot Misses the Net.
3:39 of 3rd period - Shot by Erik Karlsson.
3:39 of 3rd period - Stopped by Jake Oettinger without a rebound.
3:40 of 3rd period - Leon Draisaitl wins face-off versus Barclay Goodrow in VICTORIA GLADIATORS zone.
4:15 of 3rd period - Shot by Tomas Hertl.
4:15 of 3rd period - Shot Blocked by Justin Holl.
4:17 of 3rd period - Shot by Leon Draisaitl.
4:17 of 3rd period - Goal by Leon Draisaitl - COLORADO GLACIERCATS : 4 - VICTORIA GLADIATORS : 0.
4:18 of 3rd period - Anze Kopitar wins face-off versus Mark Scheifele in neutral zone.
4:20 of 3rd period - Off-side.
4:21 of 3rd period - Tage Thompson wins face-off versus Mark Scheifele in neutral zone.
4:27 of 3rd period - Icing by Ivan Provorov.
4:28 of 3rd period - Mark Scheifele wins face-off versus Anze Kopitar in VICTORIA GLADIATORS zone.
5:39 of 3rd period - Minor Penalty to Bryan Rust for Hooking.
5:40 of 3rd period - Alexander Wennberg wins face-off versus Alex Iafallo in COLORADO GLACIERCATS zone.
6:27 of 3rd period - Shot by Anze Kopitar.
6:27 of 3rd period - Shot Blocked by Brandon Montour.
6:35 of 3rd period - Shot by Tomas Hertl.
6:35 of 3rd period - Stopped by Jake Oettinger without a rebound.
6:36 of 3rd period - Alexander Wennberg wins face-off versus Mark Scheifele in VICTORIA GLADIATORS zone.
7:05 of 3rd period - Shot by David Pastrnak.
7:05 of 3rd period - Stopped by Andrei Vasilevskiy without a rebound.
7:06 of 3rd period - Alexander Wennberg wins face-off versus Mark Scheifele in COLORADO GLACIERCATS zone.
7:58 of 3rd period - Shot by Brandon Montour.
7:58 of 3rd period - Stopped by Andrei Vasilevskiy with a rebound.
8:12 of 3rd period - Shot by Tomas Hertl.
8:12 of 3rd period - Stopped by Jake Oettinger without a rebound.
8:13 of 3rd period - Anze Kopitar wins face-off versus Noel Acciari in VICTORIA GLADIATORS zone.
8:16 of 3rd period - Shot by Tage Thompson.
8:16 of 3rd period - Stopped by Jake Oettinger with a rebound.
8:44 of 3rd period - Shot by Noel Acciari.
8:44 of 3rd period - Shot Misses the Net.
8:46 of 3rd period - Shot by Justin Holl.
8:46 of 3rd period - Stopped by Andrei Vasilevskiy without a rebound.
8:47 of 3rd period - Leon Draisaitl wins face-off versus Brad Marchand in COLORADO GLACIERCATS zone.
8:53 of 3rd period - Icing by Vladislav Gavrikov.
8:54 of 3rd period - Leon Draisaitl wins face-off versus Brad Marchand in COLORADO GLACIERCATS zone.
8:54 of 3rd period - Leon Draisaitl is hit by Frank Vatrano.
9:24 of 3rd period - Shot by Tomas Hertl.
9:24 of 3rd period - Shot Misses the Net.
9:26 of 3rd period - Shot by Leon Draisaitl.
9:26 of 3rd period - Deflect By Bryan Rust.
9:26 of 3rd period - Shot Blocked by Frank Vatrano.
9:42 of 3rd period - Shot by Leon Draisaitl.
9:42 of 3rd period - Shot Misses the Net.
10:25 of 3rd period - Minor Penalty to Jamie Benn for Tripping.
10:26 of 3rd period - Alexander Wennberg wins face-off versus Alex Iafallo in COLORADO GLACIERCATS zone.
10:26 of 3rd period - Alexander Wennberg is hit by David Pastrnak.
11:42 of 3rd period - Shot by Justin Faulk.
11:42 of 3rd period - Shot Misses the Net.
11:44 of 3rd period - Shot by Cole Smith.
11:44 of 3rd period - Stopped by Andrei Vasilevskiy without a rebound.
11:45 of 3rd period - Alexander Wennberg wins face-off versus Adam Lowry in COLORADO GLACIERCATS zone.
11:45 of 3rd period - Alexander Wennberg is hit by Jason Zucker.
12:11 of 3rd period - Shot by Ivan Provorov.
12:11 of 3rd period - Stopped by Andrei Vasilevskiy without a rebound.
12:12 of 3rd period - Mark Scheifele wins face-off versus Anze Kopitar in COLORADO GLACIERCATS zone.
12:17 of 3rd period - Shot by Brandon Montour.
12:17 of 3rd period - Stopped by Andrei Vasilevskiy without a rebound.
12:18 of 3rd period - Alexander Wennberg wins face-off versus Mark Scheifele in COLORADO GLACIERCATS zone.
13:51 of 3rd period - Shot by Leon Draisaitl.
13:51 of 3rd period - Stopped by Jake Oettinger without a rebound.
13:52 of 3rd period - Anze Kopitar wins face-off versus Frank Vatrano in VICTORIA GLADIATORS zone.
13:53 of 3rd period - Shot by Jamie Benn.
13:53 of 3rd period - Shot Misses the Net.
13:55 of 3rd period - Shot by Tage Thompson.
13:55 of 3rd period - Shot Misses the Net.
14:07 of 3rd period - Shot by Jamie Benn.
14:07 of 3rd period - Stopped by Jake Oettinger without a rebound.
14:08 of 3rd period - Noel Acciari wins face-off versus Leon Draisaitl in VICTORIA GLADIATORS zone.
14:21 of 3rd period - Shot by Noel Acciari.
14:21 of 3rd period - Deflect By Cole Smith.
14:21 of 3rd period - Stopped by Andrei Vasilevskiy with a rebound.
14:37 of 3rd period - Shot by Noel Acciari.
14:37 of 3rd period - Shot Misses the Net.
14:39 of 3rd period - Shot by Brock McGinn.
14:39 of 3rd period - Deflect By Cole Smith.
14:39 of 3rd period - Shot Misses the Net.
14:45 of 3rd period - Shot by Brandon Montour.
14:45 of 3rd period - Stopped by Andrei Vasilevskiy without a rebound.
14:46 of 3rd period - Anze Kopitar wins face-off versus Mark Scheifele in COLORADO GLACIERCATS zone.
14:53 of 3rd period - Shot by Tage Thompson.
14:53 of 3rd period - Stopped by Jake Oettinger without a rebound.
14:54 of 3rd period - Anze Kopitar wins face-off versus Mark Scheifele in VICTORIA GLADIATORS zone.
14:55 of 3rd period - Shot by Tage Thompson.
14:55 of 3rd period - Shot Blocked by Justin Faulk.
15:14 of 3rd period - Shot by Brad Marchand.
15:14 of 3rd period - Goal by Brad Marchand - COLORADO GLACIERCATS : 4 - VICTORIA GLADIATORS : 1.
15:15 of 3rd period - Leon Draisaitl wins face-off versus Brad Marchand in neutral zone.
15:50 of 3rd period - Shot by Leon Draisaitl.
15:50 of 3rd period - Shot Blocked by Jan Rutta.
15:54 of 3rd period - Shot by Leon Draisaitl.
15:54 of 3rd period - Shot Blocked by Justin Holl.
16:19 of 3rd period - Icing by Jan Rutta.
16:20 of 3rd period - Brad Marchand wins face-off versus Alexander Wennberg in VICTORIA GLADIATORS zone.
16:41 of 3rd period - Shot by Adam Lowry.
16:41 of 3rd period - Stopped by Andrei Vasilevskiy without a rebound.
16:42 of 3rd period - Jamie Benn wins face-off versus Noel Acciari in COLORADO GLACIERCATS zone.
17:16 of 3rd period - Shot by Anze Kopitar.
17:16 of 3rd period - Shot Misses the Net.
17:18 of 3rd period - Shot by Kevin Shattenkirk.
17:18 of 3rd period - Stopped by Jake Oettinger with a rebound.
18:09 of 3rd period - Shot by Alex Iafallo.
18:09 of 3rd period - Shot Misses the Net.
18:11 of 3rd period - Shot by Ivan Provorov.
18:11 of 3rd period - Stopped by Andrei Vasilevskiy with a rebound.
18:15 of 3rd period - Shot by Barclay Goodrow.
18:15 of 3rd period - Shot Misses the Net.
18:52 of 3rd period - Shot by Brad Marchand.
18:52 of 3rd period - Stopped by Andrei Vasilevskiy without a rebound.
18:53 of 3rd period - Alexander Wennberg wins face-off versus Brad Marchand in COLORADO GLACIERCATS zone.
19:18 of 3rd period - Shot by Trevor Moore.
19:18 of 3rd period - Stopped by Jake Oettinger without a rebound.
19:19 of 3rd period - Anze Kopitar wins face-off versus Noel Acciari in VICTORIA GLADIATORS zone.
19:20 of 3rd period - Shot by Tage Thompson.
19:20 of 3rd period - Shot Misses the Net.
19:32 of 3rd period - Shot by Tage Thompson.
19:32 of 3rd period - Shot Misses the Net.
19:34 of 3rd period - Shot by Anze Kopitar.
19:34 of 3rd period - Shot Misses the Net.
19:36 of 3rd period - Shot by Jamie Benn.
19:36 of 3rd period - Shot Misses the Net.
Goals for this period are 1 for COLORADO GLACIERCATS vs 1 for VICTORIA GLADIATORS.
Shots for this period are 10 for COLORADO GLACIERCATS vs 15 for VICTORIA GLADIATORS.


BLAKE
WHEELER
STEVEN
STAMKOS
DREW
DOUGHTY

EAST COAST

HOCKEY LEAGUE

  • 63.RHI2PIT5
  • 64.WOR4ATL3
  • 65.QUECHW
  • 66.CHATRV